 Dungeon Crawl Stone Soup version 0.26-b1-32-g5d43845318 (webtiles) character file.

Game seed: 11550020649931541895

91 Borgoz the Cudgeller (level 4, -3/38 HPs)
             Began as a Ghoul Gladiator on Jan 13, 2021.
             Slain by a gnoll
             ... wielding a +0 flail
              (6 damage)
             ... on level 3 of the Dungeon.
             The game lasted 00:02:21 (2158 turns).

Borgoz the Cudgeller (Ghoul Gladiator)              Turns: 2158, Time: 00:02:22

Health: -3/38      AC:  5    Str: 17    XL:     4   Next: 59%
Magic:  3/3        EV:  6    Int:  3    God:
Gold:   90         SH:  0    Dex: 11    Spells: 3/3 levels left

rFire    . . .     SeeInvis .   f - +0 morningstar
rCold    + . .     Faith    .   (no shield)
rNeg     + + +     Spirit   .   b - +0 leather armour
rPois    ∞         Reflect  .   c - +1 helmet
rElec    .         Harm     .   (no cloak)
rCorr    .         Rampage  .   (no gloves)
Will     .....                  (no boots)
Stlth    +.........             (no amulet)
HPRegen  0.00/turn              l - +4 ring of slaying
MPRegen  0.08/turn              (no ring)

@: held
A: claws 1, cold resistance 1, negative energy resistance 3, inhibited
regeneration, torment resistance, unbreathing
a: no special abilities


You were on level 3 of the Dungeon.
You visited 1 branch of the dungeon, and saw 3 of its levels.

You collected 90 gold pieces.

Inventory:

Hand Weapons
 f - a +0 morningstar (weapon)
Missiles
 d - 2 throwing nets (quivered)
Armour
 b - a +0 leather armour (worn)
 c - a +1 helmet (worn)
Jewellery
 l - a +4 ring of slaying (left claw)
Wands
 m - a wand of iceblast (7)
Scrolls
 e - a scroll of remove curse {unknown}
Potions
 g - 2 potions of haste
 i - a potion of flight


   Skills:
 * Level 3.2 Fighting
 * Level 3.3 Maces & Flails
 - Level 1.7 Throwing
 * Level 1.4 Armour
 * Level 3.3 Dodging


You had 3 spell levels left.
You didn't know any spells.
Your spell library was empty.

Dungeon Overview and Level Annotations

Branches:
Dungeon (3/15)

Altars:
Gozag
Zin


Innate Abilities, Weirdness & Mutations

You thrive by killing the living.
You are immune to poison.
You have sharp fingernails.
Your flesh is cold resistant. (rC+)
You are immune to negative energy. (rN+++)
You do not regenerate when monsters are visible.
You are immune to unholy pain and torment.
You can survive without breathing.


Message History

You see here a throwing net.
You tear a large gash into the net.
The gnoll hits you from afar with a +0 spear.
You struggle against the net.
The gnoll hits you but does no damage.
You rip the net and break free!
The gnoll throws a throwing net.
The throwing net hits you.
You become entangled in the net!
The gnoll hits you from afar with a +0 spear.
You struggle against the net.
The gnoll hits you from afar with a +0 spear.
* * * LOW HITPOINT WARNING * * *
You struggle against the net.
The gnoll completely misses you. The gnoll barely misses you.
It was a potion of curing.
You feel better. The gnoll hits you with a +0 flail!
* * * LOW HITPOINT WARNING * * *
The gnoll hits you but does no damage.
The gnoll hits you from afar with a +0 spear.
* * * LOW HITPOINT WARNING * * *
You struggle against the net.
The gnoll barely misses you. The gnoll hits you with a +0 flail.
You die...

#....#####
.........# ###
........# ..#
........#...###
#.#.#.#.#......
..............
.#(#.#.#.#......
........<.......
.#.#.#.#@#######
......ggg#
#.#.#g#.##
........
..........
#...........
.............
.........##.g
........# ..#


You could see 4 gnolls.

Vanquished Creatures
  Robin (D:2)
  2 adders (D:2)
  A gnoll (D:1)
  2 worms (D:2)
  A giant cockroach (D:1)
  11 goblins
  9 hobgoblins
  5 jackals
  A ball python (D:1)
  3 bats
  2 frilled lizards
  5 kobolds
  2 rats (D:2)
45 creatures vanquished.

Vanquished Creatures (others)
  4 plants (D:1)
4 creatures vanquished.

Grand Total: 49 creatures vanquished

Notes
Turn   | Place    | Note
-------+----------+-------------------------------------------
     0 | D:1      | Borgoz the Ghoul Gladiator began the quest for the Orb.
     0 | D:1      | Reached XP level 1. HP: 17/17 MP: 0/0
   211 | D:1      | Reached XP level 2. HP: 14/25 MP: 1/1
   882 | D:1      | Reached XP level 3. HP: 30/30 MP: 2/2
  1088 | D:2      | Reached skill level 1 in Armour
  1156 | D:2      | Noticed Robin
  1189 | D:2      | Killed Robin
  1471 | D:2      | Reached XP level 4. HP: 38/38 MP: 3/3
  1545 | D:2      | Found a glowing silver altar of Zin.
  1545 | D:2      | Found an opulent altar of Gozag.
  2158 | D:3      | Slain by a gnoll

Illustrated notes

Levels and vault maps discovered:
D:1:      scummos_arrival_star, layout_basic, chequers_big_river
D:2:      layout_loops_corners, grunt_temple_overflow_gold_and_silver,
          uniq_robin
D:3:      minmay_chambers_of_twos, layout_basic, marbit_many_paths,
          nicolae_ru_sacrificial_ziggurat, minmay_misc_feat_tower, st_stairs_12,
          uniq_grinder

Skill      XL: |  1  2  3 |
---------------+----------+-----
Maces & Flails | 3 |  3.3
Dodging        | 3 |  3.3
Armour         | 1 |  1.4
Fighting       | 3 |  3.2
Throwing       | |  1.7

Action                   |  1- 3 |  4- 6 || total
-------------------------+-------+-------++-------
Melee: Flail             |    93 |    24 ||   117
       Morningstar       |       |     5 ||     5
Throw: Throwing net      |     1 |       ||     1
  Use: Scroll            |     5 |     1 ||     6
       Potion            |     1 |     1 ||     2
Armor: Leather armour    |    34 |    11 ||    45
Dodge: Dodged            |    64 |    27 ||    91
